| TOP OF THE 1ST |
|
Tacoma Cubs batting - Pitching for Phoenix Giants : RHP Hal Dues
|
|
Pitching: RHP Hal Dues
|
|
|
Batting: RHB Tim Glass
|
0-0: Ball 1-0: Ball 2-0: Called Strike 2-1: SINGLE (Line Drive, 7S, EV 91.3 MPH)
|
|
Batting: RHB Glenn Hubbard
|
0-0: Fly out, F6 (Line Drive, 6, EV 70.6 MPH)
|
|
Batting: LHB Willie Gonzalez
|
0-0: Ball 1-0: Called Strike 1-1: Called Strike 1-2: Foul Ball, location: 2F 1-2: Ball 2-2: Foul Ball, location: 2F 2-2: Grounds into double play, 5-4-3 (Groundball, 56, EV 88.1 MPH)
|
| Top of the 1st over - 0 runs, 1 hit, 0 errors, 0 left on base; Tacoma 0 - Phoenix 0 |
| BOTTOM OF THE 1ST |
|
Phoenix Giants batting - Pitching for Tacoma Cubs : RHP Bob Davenport
|
|
Pitching: RHP Bob Davenport
|
|
|
Batting: LHB Raymond Rivas
|
0-0: Ball 1-0: Ball 2-0: Ground out U3 (Groundball, 13, EV 92.5 MPH)
|
|
Batting: LHB Bobby V Mitchell
|
0-0: Ball 1-0: Ball 2-0: Foul Ball, location: 2F 2-1: Foul Ball, location: 2F 2-2: Strikes out looking
|
|
Batting: LHB Ernie Riles
|
0-0: Swinging Strike 0-1: Swinging Strike 0-2: Ground out 1-3 (Groundball, P, EV 75.0 MPH)
|
| Bottom of the 1st over - 0 runs, 0 hits, 0 errors, 0 left on base; Tacoma 0 - Phoenix 0 |
| TOP OF THE 2ND |
|
Tacoma Cubs batting - Pitching for Phoenix Giants : RHP Hal Dues
|
|
Batting: LHB Dan Pasqua
|
0-0: Called Strike 0-1: Ball 1-1: Foul Ball, location: 2F 1-2: Strikes out swinging
|
|
Batting: RHB Marty Castillo
|
0-0: Ball 1-0: Called Strike 1-1: Swinging Strike 1-2: Foul Ball, location: 2F 1-2: Foul Ball, location: 2F 1-2: Ball 2-2: Reached on error, E6 (Groundball, 6, EV 101.3 MPH)
|
|
Batting: LHB Thad Bosley
|
0-0: Ball 1-0: Ball 2-0: Called Strike 2-1: Ball 3-1: Fielders Choice at 2nd, 4-6 (Groundball, 4, EV 83.1 MPH)
|
|
Batting: LHB John D Morris
|
0-0: Called Strike 0-1: Ball 1-1: Foul Ball, location: 2F 1-2: Ball 2-2: Ball 3-2: Foul Ball, location: 2F 3-2: Fly out, F1 (Line Drive, P, EV 75.6 MPH)
|
| Top of the 2nd over - 0 runs, 0 hits, 1 error, 1 left on base; Tacoma 0 - Phoenix 0 |
| BOTTOM OF THE 2ND |
|
Phoenix Giants batting - Pitching for Tacoma Cubs : RHP Bob Davenport
|
|
Batting: SHB John Macauley
|
0-0: Ball 1-0: Swinging Strike 1-1: Ball 2-1: Swinging Strike 2-2: Foul Ball, location: 2F 2-2: Fly out, F7 (Flyball, 7, EV 93.1 MPH)
|
|
Batting: RHB Paul Zuvella
|
0-0: Called Strike 0-1: Called Strike 0-2: Ground out 4-3 (Groundball, 4M, EV 76.9 MPH)
|
|
Batting: LHB Joseph Bruno
|
0-0: Ball 1-0: Ground out 3-1 (Groundball, 34, EV 98.1 MPH)
|
| Bottom of the 2nd over - 0 runs, 0 hits, 0 errors, 0 left on base; Tacoma 0 - Phoenix 0 |
| TOP OF THE 3RD |
|
Tacoma Cubs batting - Pitching for Phoenix Giants : RHP Hal Dues
|
|
Batting: LHB John Elway
|
0-0: Swinging Strike 0-1: Ball 1-1: Fly out, F9 (Flyball, 89S, EV 82.5 MPH)
|
|
Batting: RHB Billy Cree
|
0-0: Ball 1-0: Swinging Strike 1-1: DOUBLE (Line Drive, 7LM, EV 106.9 MPH)
|
|
Batting: RHB Tim Glass
|
0-0: Called Strike 0-1: Called Strike 0-2: Foul Ball, location: 2F 0-2: Ball 1-2: Foul Ball, location: 2F 1-2: Ball 2-2: Strikes out swinging
|
|
Batting: RHB Glenn Hubbard
|
0-0: Ball 1-0: Ball 2-0: Ball 3-0: Base on Balls
|
|
Batting: LHB Willie Gonzalez
|
0-0: Called Strike 0-1: Ball 1-1: Fly out, F7 (Flyball, 7S, EV 90.6 MPH)
|
| Top of the 3rd over - 0 runs, 1 hit, 0 errors, 2 left on base; Tacoma 0 - Phoenix 0 |
| BOTTOM OF THE 3RD |
|
Phoenix Giants batting - Pitching for Tacoma Cubs : RHP Bob Davenport
|
|
Batting: RHB Adam Veldman
|
0-0: DOUBLE (Flyball, 89XD, EV 98.8 MPH)
|
|
Batting: LHB Glenn Arnett
|
0-0: Called Strike 0-1: Foul Ball, location: 2F 0-2: Strikes out swinging
|
|
Batting: RHB Tom Wieghaus
|
0-0: Ball 1-0: Called Strike 1-1: Fly out, F8 (Line Drive, 8RD, EV 98.8 MPH)
|
|
Batting: LHB Raymond Rivas
|
0-0: Ball 1-0: Called Strike 1-1: Ball 2-1: SINGLE (Groundball, 4MS, EV 64.4 MPH) (infield hit) Adam Veldman to third
|
|
Batting: LHB Bobby V Mitchell
|
0-0: Called Strike 0-1: Ball 1-1: Ball 2-1: Foul Ball, location: 2F 2-2: Foul Ball, location: 2F 2-2: Ball 3-2: Foul Ball, location: 2F 3-2: Base on Balls Raymond Rivas to second
|
|
Batting: LHB Ernie Riles
|
0-0: Ball 1-0: Ball 2-0: Ball 3-0: Called Strike 3-1: DOUBLE (Line Drive, 7LM, EV 101.9 MPH) Adam Veldman scores Raymond Rivas scores Bobby V Mitchell to third Runner from 3rd tries for Home, SAFE, throw by LF to trailing runner, OUT at third! 7-6-5
|
| Bottom of the 3rd over - 3 runs, 3 hits, 0 errors, 0 left on base; Tacoma 0 - Phoenix 3 |
| TOP OF THE 4TH |
|
Tacoma Cubs batting - Pitching for Phoenix Giants : RHP Hal Dues
|
|
Batting: LHB Dan Pasqua
|
0-0: Called Strike 0-1: Ground out 5-3 (Groundball, 56S, EV 83.1 MPH)
|
|
Batting: RHB Marty Castillo
|
0-0: Ball 1-0: Ball 2-0: Called Strike 2-1: Swinging Strike 2-2: Fly out, F3 (Popup, 3SF, EV 82.5 MPH)
|
|
Batting: LHB Thad Bosley
|
0-0: Ball 1-0: Ground out 4-3 (Groundball, 4, EV 78.1 MPH)
|
| Top of the 4th over - 0 runs, 0 hits, 0 errors, 0 left on base; Tacoma 0 - Phoenix 3 |
| BOTTOM OF THE 4TH |
|
Phoenix Giants batting - Pitching for Tacoma Cubs : RHP Bob Davenport
|
|
Batting: SHB John Macauley
|
0-0: Called Strike 0-1: Ball 1-1: DOUBLE (Flyball, 89D, EV 95.0 MPH)
|
|
Batting: RHB Paul Zuvella
|
0-0: Foul Ball, location: 2F 0-1: Ball 1-1: Ball 2-1: Ball 3-1: Foul Ball, location: 2F 3-2: SINGLE (Groundball, 56D, EV 101.3 MPH) John Macauley to third Runner from 3rd tries for Home, SAFE, throw by LF to home Paul Zuvella to second
|
|
Batting: LHB Joseph Bruno
|
0-0: Ball 1-0: Foul Ball, location: 2F 1-1: Ball 2-1: Ground out 2-3 (Groundball, 13S, EV 66.3 MPH) Paul Zuvella to third
|
|
Batting: RHB Adam Veldman
|
0-0: Ball 1-0: Called Strike 1-1: Ball 2-1: Swinging Strike 2-2: Foul Ball, location: 2F 2-2: Ground out 6-3 (Groundball, 56, EV 86.3 MPH) Paul Zuvella scores
|
|
Batting: LHB Glenn Arnett
|
0-0: Called Strike 0-1: Swinging Strike 0-2: Strikes out swinging
|
| Bottom of the 4th over - 2 runs, 2 hits, 0 errors, 0 left on base; Tacoma 0 - Phoenix 5 |
| TOP OF THE 5TH |
|
Tacoma Cubs batting - Pitching for Phoenix Giants : RHP Hal Dues
|
|
Batting: LHB John D Morris
|
0-0: Called Strike 0-1: Ball 1-1: Fly out, F8 (Flyball, 8LM, EV 85.6 MPH)
|
|
Batting: LHB John Elway
|
0-0: Ground out 6-3 (Groundball, 6, EV 90.0 MPH)
|
|
Batting: RHB Billy Cree
|
0-0: Called Strike 0-1: Fly out, F8 (Line Drive, 8LD, EV 86.9 MPH)
|
| Top of the 5th over - 0 runs, 0 hits, 0 errors, 0 left on base; Tacoma 0 - Phoenix 5 |
| BOTTOM OF THE 5TH |
|
Phoenix Giants batting - Pitching for Tacoma Cubs : RHP Bob Davenport
|
|
Batting: RHB Tom Wieghaus
|
0-0: SINGLE (Groundball, 6D, EV 107.5 MPH)
|
|
Pitching: RHP Doug Jones
|
|
|
Batting: LHB Raymond Rivas
|
0-0: Fly out, F7 (Flyball, 7, EV 88.8 MPH)
|
|
Batting: LHB Bobby V Mitchell
|
0-0: Ball 1-0: Fielders Choice at 2nd, 4-6 (Groundball, 4, EV 100.6 MPH)
|
|
Batting: LHB Ernie Riles
|
0-0: Ball 1-0: Called Strike 1-1: Ball Bobby V Mitchell steals 2nd base 2-1: SINGLE (Line Drive, 89S, EV 106.3 MPH) Bobby V Mitchell to third Runner from 3rd tries for Home, SAFE, throw by RF to home
|
|
Batting: SHB John Macauley
|
0-0: Ball 1-0: Fly out, F7 (Flyball, 78D, EV 95.6 MPH)
|
| Bottom of the 5th over - 1 run, 2 hits, 0 errors, 1 left on base; Tacoma 0 - Phoenix 6 |
| TOP OF THE 6TH |
|
Tacoma Cubs batting - Pitching for Phoenix Giants : RHP Hal Dues
|
|
Batting: RHB Tim Glass
|
0-0: Foul Ball, location: 2F 0-1: Ground out 6-3 (Groundball, 56, EV 91.3 MPH)
|
|
Batting: RHB Glenn Hubbard
|
0-0: Ball 1-0: Foul Ball, location: 2F 1-1: Fly out, F7 (Flyball, 7LM, EV 98.8 MPH)
|
|
Batting: LHB Willie Gonzalez
|
0-0: Ball 1-0: Ball 2-0: Ball 3-0: Base on Balls
|
|
Batting: LHB Dan Pasqua
|
0-0: Ball 1-0: Foul Ball, location: 2F 1-1: SINGLE (Line Drive, 8RS, EV 96.9 MPH) Willie Gonzalez to second
|
|
Batting: RHB Marty Castillo
|
0-0: Ball 1-0: Foul Ball, location: 2F 1-1: Foul Ball, location: 2F 1-2: Ball 2-2: Strikes out swinging
|
| Top of the 6th over - 0 runs, 1 hit, 0 errors, 2 left on base; Tacoma 0 - Phoenix 6 |
| BOTTOM OF THE 6TH |
|
Phoenix Giants batting - Pitching for Tacoma Cubs : RHP Doug Jones
|
|
Batting: RHB Paul Zuvella
|
0-0: Ball 1-0: Ball 2-0: Ball 3-0: Called Strike 3-1: Ground out U3 (Groundball, 13, EV 78.8 MPH)
|
|
Batting: LHB Joseph Bruno
|
0-0: Called Strike 0-1: Ball 1-1: Ball 2-1: Foul Ball, location: 2F 2-2: Fly out, F9 (Line Drive, 9, EV 87.5 MPH)
|
|
Batting: RHB Adam Veldman
|
0-0: Ground out 6-3 (Groundball, 6, EV 81.9 MPH)
|
| Bottom of the 6th over - 0 runs, 0 hits, 0 errors, 0 left on base; Tacoma 0 - Phoenix 6 |
| TOP OF THE 7TH |
|
Tacoma Cubs batting - Pitching for Phoenix Giants : RHP Hal Dues
|
|
Batting: LHB Thad Bosley
|
0-0: Ball 1-0: Fly out, F8 (Line Drive, 8RD, EV 89.4 MPH)
|
|
Batting: LHB John D Morris
|
0-0: Ball 1-0: SINGLE (Line Drive, 89S, EV 113.1 MPH)
|
|
Batting: LHB John Elway
|
0-0: Foul Ball, location: 2F 0-1: Reached on error, E4 (Popup, 4D, EV 69.4 MPH) John D Morris to second
|
|
Batting: RHB Billy Cree
|
0-0: Ball 1-0: Fly out, F7 (Flyball, 7D, EV 98.1 MPH) Runner from 2nd tags up, SAFE at 3rd with throw by LF
|
|
Batting: RHB Tim Glass
|
0-0: Called Strike 0-1: Ball 1-1: Foul Ball, location: 2F 1-2: Foul Ball, location: 2F 1-2: Ground out 5-3 (Groundball, 56S, EV 79.4 MPH)
|
| Top of the 7th over - 0 runs, 1 hit, 1 error, 2 left on base; Tacoma 0 - Phoenix 6 |
| BOTTOM OF THE 7TH |
|
Phoenix Giants batting - Pitching for Tacoma Cubs : RHP Doug Jones
|
|
Batting: LHB Glenn Arnett
|
0-0: Foul Ball, location: 2F 0-1: Ball 1-1: Ball 2-1: Ball 3-1: Called Strike 3-2: SINGLE (Flyball, 8LS, EV 93.8 MPH)
|
|
Batting: RHB Tom Wieghaus
|
0-0: Grounds into double play, 5-4-3 (Groundball, 56, EV 100.0 MPH)
|
|
Batting: LHB Raymond Rivas
|
0-0: Ball 1-0: Ball 2-0: Ground out 4-3 (Groundball, 4, EV 110.6 MPH)
|
| Bottom of the 7th over - 0 runs, 1 hit, 0 errors, 0 left on base; Tacoma 0 - Phoenix 6 |
| TOP OF THE 8TH |
|
Tacoma Cubs batting - Pitching for Phoenix Giants : RHP Hal Dues
|
|
Pitching: RHP Terry Cornutt
|
|
|
Batting: RHB Glenn Hubbard
|
0-0: Called Strike 0-1: DOUBLE (Line Drive, 9D, EV 106.3 MPH) - OUT at third base trying to stretch hit.
|
|
Batting: LHB Willie Gonzalez
|
0-0: Called Strike 0-1: Ground out 5-3 (Groundball, 56S, EV 81.3 MPH)
|
|
Batting: LHB Dan Pasqua
|
0-0: Foul Ball, location: 2F 0-1: Foul Ball, location: 2F 0-2: Ball 1-2: Strikes out swinging
|
| Top of the 8th over - 0 runs, 1 hit, 0 errors, 0 left on base; Tacoma 0 - Phoenix 6 |
| BOTTOM OF THE 8TH |
|
Phoenix Giants batting - Pitching for Tacoma Cubs : RHP Doug Jones
|
|
Batting: LHB Bobby V Mitchell
|
0-0: Ball 1-0: Foul Ball, location: 2F 1-1: Ball 2-1: Ground out U3 (Groundball, 3, EV 101.3 MPH)
|
|
Batting: LHB Ernie Riles
|
0-0: Ball 1-0: Ball 2-0: Called Strike 2-1: Foul Ball, location: 2F 2-2: Foul Ball, location: 2F 2-2: Ground out U3 (Groundball, 3, EV 108.8 MPH)
|
|
Batting: SHB John Macauley
|
0-0: DOUBLE (Line Drive, 7LM, EV 103.8 MPH)
|
|
Batting: RHB Paul Zuvella
|
0-0: Ball 1-0: Fly out, F7 (Flyball, 78D, EV 84.4 MPH)
|
| Bottom of the 8th over - 0 runs, 1 hit, 0 errors, 1 left on base; Tacoma 0 - Phoenix 6 |
| TOP OF THE 9TH |
|
Tacoma Cubs batting - Pitching for Phoenix Giants : RHP Terry Cornutt
|
|
Batting: RHB Marty Castillo
|
0-0: Ball 1-0: Ball 2-0: Foul Ball, location: 2F 2-1: Ground out 6-3 (Groundball, 56, EV 107.5 MPH)
|
|
Batting: LHB Thad Bosley
|
0-0: Ball 1-0: Fly out, F7 (Flyball, 7, EV 83.8 MPH)
|
|
Batting: LHB John D Morris
|
0-0: Ball 1-0: Ball 2-0: Ball 3-0: Called Strike 3-1: Base on Balls
|
|
Batting: LHB John Elway
|
0-0: Ball 1-0: Ball 2-0: Fly out, F9 (Flyball, 9, EV 86.9 MPH)
|
| Top of the 9th over - 0 runs, 0 hits, 0 errors, 1 left on base; Tacoma 0 - Phoenix 6 |
|